[Event "Late-Titled-Tuesday-Blitz-April-16-2024"]
[Site "Chess.com"]
[Date "2024.04.16"]
[Round "3"]
[White "NMJeevanK"]
[Black "PhileKhoob"]
[Result "1-0"]
[WhiteElo "2560"]
[BlackElo "2303"]
[TimeControl "180+1"]
[EndTime "14:28:57 PDT"]
[Termination "NMJeevanK won on time"]

1. e4 c6 2. d4 d5 3. exd5 cxd5 4.
Bd3 Nc6 5. c3 Nf6 6. Bf4 Bg4 7.
Qb3 Qd7 8. Nd2 e6 9. Ngf3 Bd6 10. Bxd6 Qxd6 11. O-O O-O 12. Rfe1 Rab8 13. a4 a6 14. Ne5 Rfc8 15. a5 Qc7 16. Nxg4 Nxg4 17. Nf3 Nxa5 18.
Qc2 Nf6 19. Ne5 Nc6 20. Qd2 Rd8 21. Qg5 h6 22. Qh4 Nxe5 23. dxe5 Ne4 24. Bxe4 dxe4 25.
Qxe4 Rd2 26. Qb4 Rbd8 27. h3 Rc2 28. Rad1 Rxd1 29. Rxd1 Qxe5 30. Qxb7 Qf5 31. Rf1 a5 32. b4 Rxc3 33. Qa8+ Kh7 34. bxa5 Ra3 35. a6 Qc5 36.
Qb7 Kg6 37. Rd1 h5 38. Qe4+ Kh6 39. Qf4+ Kg6 40. Rd7 Ra1+ 41. Kh2 Qf5 42. Qg3+ Qg5 43.
Qxg5+ Kxg5 44. Rxf7 Kg6 45. Ra7 Kf6 46. Kg3 Ra3+ 47.
f3 g5 48. Ra8 Ra4 49. Kf2 Kg7 50. g4 Ra2+ 51. Ke3 h4 52. Ke4 Ra3 53. Ke5 Re3+ 54.
Kd6 Rxf3 55. a7 Rd3+ 56. Kxe6 Ra3 57. Kd6 Ra6+ 58. Kc7 Ra1 59. Kd6 Ra6+ 60. Ke5 Ra5+ 61. Kd4 Ra4+ 62. Kc5 Ra5+ 63. Kb6 Ra1 64. Rd8 Rb1+ 65. Kc5 Rc1+ 66. Kb4 Rb1+ 67. Kc3 Rc1+ 68. Kb2 1-0

[Event "Late-Titled-Tuesday-Blitz-April-16-2024"]
[Site "Chess.com"]
[Date "2024.04.16"]
[Round "3"]
[White "Mihajlovskij"]
[Black "Doublekk14"]
[Result "0-1"]
[WhiteElo "2186"]
[BlackElo "2396"]
[TimeControl "180+1"]
[EndTime "14:28:59 PDT"]
[Termination "Doublekk14 won by resignation"]

1. e4 c5 2. Nf3 e6 3. d4 cxd4 4. Nxd4 Nf6 5. Nc3 Nc6 6. Nxc6 bxc6 7. e5 Nd5 8. Ne4 f5 9. Nd6+ Bxd6 10. exd6 O-O 11.
c4 Nf6 12. Be2 c5 13. Bf3 Rb8 14. O-O Bb7 15. b3 Bxf3 16. Qxf3 Rb6 17. Rd1 Ne4 18.
Bf4 Qf6 19. Be3 Rc8 20. h3 Rxd6 21. Rxd6 Nxd6 22. Rd1 Rc6 23. Bxc5 Rxc5 24. Rxd6 Rc7 25. Qd1 Qe7 26. Qd4 Kf7 27. Kf1 e5 28. Qd5+ Kf8 29.
Ke2 g6 30. Kd1 e4 31. Qd4 Qg7 32. Rf6+ Kg8 33. Qd5+ Kh8 34. Qe5 Rc8 35. Kc2 h5 36. Qd6 Rg8 37. h4 Kh7 38. g3 Re8 39. Kd2 Re6 40. Rxe6 dxe6 41. Ke3 Qc3+ 42. Kf4 e5+ 43.
Kg5 Qc1+ 44. Kf6 Qh6 45. Qe7+ Kh8 46. Qe8+ Kh7 47. Qf7+ Kh8 48. Qxg6 Qxg6+ 49. Kxg6 f4 50. Kf5 e3 51. gxf4 e2 52. fxe5 e1=Q 53. Kf6 Qxf2+ 54. Ke7 Qe3 55. e6 Qe4 56. Kd7 Kg7 57. e7 Kf7 58.
Kd6 Qxe7+ 0-1

[Event "Late-Titled-Tuesday-Blitz-April-16-2024"]
[Site "Chess.com"]
[Date "2024.04.16"]
[Round "3"]
[White "DenLaz"]
[Black "Binary010"]
[Result "1/2-1/2"]
[WhiteElo "3105"]
[BlackElo "2786"]
[TimeControl "180+1"]
[EndTime "14:29:01 PDT"]
[Termination "Game drawn by repetition"]

1. d4 Nf6 2. c4 e6 3. Nf3 d5 4. g3 dxc4 5. Bg2 c6 6. O-O b5 7. b3 cxb3 8. Qxb3 Bd6 9. Ne5 Bb7 10.
Nc3 a6 11. Rd1 O-O 12. Bg5 h6 13. Bxf6 Qxf6 14. Ne4 Qe7 15. Nxd6 Qxd6 16. Rac1 a5 17. h4 a4 18. Qb1 Ra6 19. e3 Nd7 20. Nxd7 Qxd7 21. Rc5 Raa8 22. Rdc1 Rac8 23. h5 Qd6 24.
Qe4 Rfe8 25. Bf1 f5 26. Qf3 Qe7 27. Bg2 Qf6 28. Qf4 Qf7 29. Bf3 e5 30. dxe5 Qxa2 31. Qxf5 Rf8 32. Qe4 Qf7 33. Kg2 a3 34. e6 Qf6 35.
R1c2 b4 36. Bg4 b3 37. e7 bxc2 38. exf8=Q+ Rxf8 39.
Rxc2 Kh8 40. Ra2 Qf7 41. Qe6 c5+ 42. Kg1 Qxe6 43. Bxe6 Ra8 44. Kf1 Be4 45. Rd2 Bb1 46. Ba2 Bxa2 47. Rxa2 Kg8 48. Ke2 Kf7 49. Kd3 Ra4 50.
Kc3 c4 51. e4 Ke6 52. f4 Kf6 53. g4 Ke6 54. g5 hxg5 55. fxg5 Ke5 56. h6 gxh6 57.
gxh6 Kxe4 58. h7 Ra8 59. Kxc4 Rh8 60. Rxa3 Rxh7 61. Ra4 Kf5 62. Ra5+ Kf4 63. Ra4 Ke5 64. Ra5+ Kf4 65. Ra4 Ke5 66. Ra5+ Kf4 1/2-1/2

[Event "Late-Titled-Tuesday-Blitz-April-16-2024"]
[Site "Chess.com"]
[Date "2024.04.16"]
[Round "3"]
[White "masterofpuppets2"]
[Black "SRob2003"]
[Result "1-0"]
[WhiteElo "2485"]
[BlackElo "2667"]
[TimeControl "180+1"]
[EndTime "14:29:01 PDT"]
[Termination "masterofpuppets2 won by checkmate"]

1. d4 Nf6 2. c4 e6 3. Nc3 Bb4 4. Qc2 O-O 5. e4 d5 6. e5 Ne4 7.
Bd3 c5 8. Nf3 cxd4 9. Nxd4 Nd7 10. Bf4 Qh4 11. g3 Qh5 12. O-O Bxc3 13. bxc3 g5 14.
cxd5 exd5 15. Be2 Qg6 16. Be3 Nxe5 17. f3 Nd6 18. Qxg6+ hxg6 19. Bxg5 f6 20. Bf4 g5 21.
Bc1 Nec4 22. g4 Bd7 23. Kf2 Rac8 24. Re1 Rfe8 25. h4 gxh4 26. Rh1 Ne5 27. Bd2 Ndc4 28. Bc1 Ng6 29. Bd3 Nce5 30. Bc2 Rxc3 31. Bd2 Rcc8 32. Rac1 Kg7 33. Bf5 Rxc1 34. Rxc1 Re7 35. Rc7 Kf7 36. Bb4 Bxf5 37. Bxe7 Nxe7 38. Nxf5 Ng6 39.
Rxb7 a5 40. Ra7 Ke6 41. Nxe7 Nxe7 42. Rxa5 Ke5 43. Ra7 Ng6 44. a4 Kf4 45. a5 Ne5 46.
a6 Nd3+ 47. Ke2 Nc5 48. Rf7 Ke5 49. a7 h3 50. a8=Q Ne6 51. Re7 Kd6 52. Rxe6+ Kxe6 53. Qh8 Ke5 54. Qxh3 Kd4 55. Qh6 Ke5 56. f4+ Ke6 57. f5+ Ke5 58. Qg7 Kf4 59. Qxf6 Kxg4 60. Qe5 d4 61. f6 d3+ 62. Kxd3 Kf3 63. f7 Kg2 64. f8=Q Kh1 65. Qeg7 Kh2 66. Qfh8# 1-0

[Event "Late-Titled-Tuesday-Blitz-April-16-2024"]
[Site "Chess.com"]
[Date "2024.04.16"]
[Round "3"]
[White "Nemsko"]
[Black "youngdinousaur"]
[Result "1-0"]
[WhiteElo "2437"]
[BlackElo "2229"]
[TimeControl "180+1"]
[EndTime "14:29:02 PDT"]
[Termination "Nemsko won by resignation"]

1. e4 c5 2. Nf3 e6 3. d4 cxd4 4.
Nxd4 Nf6 5. Nc3 Nc6 6. a3 d5 7.
exd5 Nxd5 8. Nxc6 bxc6 9. Ne4 Be7 10. Bd3 O-O 11. O-O Rb8 12. Qf3 e5 13. c4 Nf6 14.
Rd1 Qc7 15. Nxf6+ Bxf6 16. b4 Be6 17. Bb2 Rfd8 18. Rd2 Rd7 19. Rc2 Rbd8 20. Be4 c5 21. b5 Rd2 22. Rac1 Qd6 23. h3 Rxc2 24. Rxc2 Qd1+ 25.
Qxd1 Rxd1+ 26. Kh2 g6 27. f4 Re1 28. fxe5 Bg7 29.
Bd5 Bxe5+ 30. Bxe5 Rxe5 31. Bxe6 Rxe6 32. Kg3 Re3+ 33. Kf4 Rxa3 34. Ke5 Rd3 35. Ra2 Rd4 36. Ra4 h5 37. g3 Kg7 38. Rxa7 Rxc4 39. b6 Rb4 40.
Rb7 c4 41. Kd4 Rb3 42. Kxc4 Rxg3 43. Kc5 Rxh3 44. Rd7 Rh1 45. Rd4 Rc1+ 46. Rc4 Rb1 47. Rb4 Rc1+ 48. Rc4 Rd1 49. b7 Rd8 50. Kb6 Rb8 51. Kc7 Rxb7+ 52. Kxb7 f5 53. Kc6 Kf6 54. Kd5 g5 55. Rc6+ Kg7 56. Ke5 f4 57. Kf5 f3 58.
Kxg5 f2 59. Rf6 h4 60. Rxf2 h3 61.
Rh2 1-0

[Event "Late-Titled-Tuesday-Blitz-April-16-2024"]
[Site "Chess.com"]
[Date "2024.04.16"]
[Round "3"]
[White "zacachess"]
[Black "jaskol95"]
[Result "0-1"]
[WhiteElo "2352"]
[BlackElo "2535"]
[TimeControl "180+1"]
[EndTime "14:29:03 PDT"]
[Termination "jaskol95 won on time"]

1. e4 e6 2. d4 d5 3. Nc3 Bb4 4.
Ne2 dxe4 5. a3 Bxc3+ 6. Nxc3 Nc6 7. Bf4 Nf6 8. Bb5 Bd7 9. O-O O-O 10. Re1 a6 11. Ba4 Ne7 12. Bxd7 Qxd7 13. Bg5 Ned5 14.
Nxd5 exd5 15. Bxf6 gxf6 16. Qh5 Kh8 17. Re3 Rg8 18.
Rh3 Rg7 19. Qh6 Rag8 20. g3 c6 21. Rh4 Qe6 22. Re1 f5 23. Qh5 Qg6 24. Re3 Qxh5 25. Rxh5 Rg5 26. Rh4 Kg7 27. Rb3 Rb8 28. Rb6 Rg4 29.
Rh5 Kg6 30. Rh3 h5 31. Kf1 f4 32. Ke2 fxg3 33. hxg3 f5 34. Ke3 Kg5 35. b3 f4+ 36. gxf4+ Rxf4 37. Rxh5+ Kxh5 38. Kxf4 Kg6 39. c4 Rf8+ 40.
Ke3 Rf3+ 41. Ke2 dxc4 42. bxc4 Rxa3 43. Rxb7 Ra4 44. Ke3 Kf5 45. Rf7+ Ke6 46. Ra7 Kf5 47. Rf7+ Ke6 48. Rf4 Rxc4 49. Rxe4+ Kd6 50. f4 Rc3+ 51.
Ke2 Kd5 52. Re8 Kxd4 53. Ra8 Re3+ 54. Kf2 Ra3 55. Re8 c5 56. f5 c4 57. f6 Ra5 58.
Kg3 Rf5 59. Re6 a5 60. Kg4 Rf1 61. Ra6 c3 62. Rxa5 Rxf6 0-1

[Event "Late-Titled-Tuesday-Blitz-April-16-2024"]
[Site "Chess.com"]
[Date "2024.04.16"]
[Round "3"]
[White "AEMEffi"]
[Black "Schattman"]
[Result "1-0"]
[WhiteElo "2284"]
[BlackElo "2465"]
[TimeControl "180+1"]
[EndTime "14:29:04 PDT"]
[Termination "AEMEffi won on time"]

1. d4 Nf6 2. c4 g6 3. Nc3 d5 4.
cxd5 Nxd5 5. e4 Nxc3 6. bxc3 Bg7 7. Qa4+ Qd7 8. Qb3 O-O 9. Be3 b6 10. Rd1 Bb7 11. f3 Kh8 12. Bb5 c6 13. Bd3 f5 14. Nh3 fxe4 15. Bxe4 Ba6 16. Ng5 e5 17. dxe5 Qe7 18. e6 Bf6 19. Nf7+ Kg8 20. Nh6+ Kh8 21. Ng4 Bg7 22. h4 h5 23. Nf2 Qf6 24. Bd4 Qe7 25.
Bxg6 c5 26. Qd5 Bxd4 27. Qxh5+ Kg8 28. Bf7+ Rxf7 29. Qxf7+ Qxf7 30. exf7+ Kxf7 31. cxd4 c4 32. Ne4 Nc6 33. h5 Nb4 34. h6 Kg6 35. h7 Rh8 36. d5 Nd3+ 37. Kd2 Ne5 38. d6 Bc8 39. Kc3 Be6 40.
f4 Nd7 41. Ng5 Bf5 42. Rde1 b5 43. Re7 Nc5 44. Nf7 a5 45. Nxh8+ Kf6 46. Rh6+ Bg6 47.
Rxg6+ Kf5 48. Rf7+ Ke4 49. Re7+ Kd5 50. Rg5+ Kc6 51.
Rxc5+ Kxc5 52. d7 b4+ 53. Kb2 b3 54. axb3 c3+ 55. Kxc3 a4 56. bxa4 Kc6 57. d8=Q Kc5 58. Re5+ Kc6 59. Qf6+ Kb7 60. Re7+ 1-0

[Event "Late-Titled-Tuesday-Blitz-April-16-2024"]
[Site "Chess.com"]
[Date "2024.04.16"]
[Round "3"]
[White "Fandorine"]
[Black "albi1999"]
[Result "1/2-1/2"]
[WhiteElo "2906"]
[BlackElo "2679"]
[TimeControl "180+1"]
[EndTime "14:29:06 PDT"]
[Termination "Game drawn by repetition"]

1. e4 e5 2. Nf3 Nc6 3. d4 exd4 4. Nxd4 Bb4+ 5. c3 Be7 6. Bf4 d6 7. Nxc6 bxc6 8. Nd2 Nf6 9. Bd3 O-O 10. O-O Nd7 11.
Re1 Bg5 12. Bg3 Re8 13. Nc4 Bh4 14. Qf3 Bxg3 15. Qxg3 Ne5 16. Rad1 Nxc4 17. Bxc4 Qf6 18. e5 dxe5 19. Rxe5 Bf5 20. Rxe8+ Rxe8 21. Qxc7 g6 22.
h3 Re7 23. Qb8+ Kg7 24. Rd8 Re1+ 25. Kh2 Bxh3 26. Rg8+ Kh6 27. Qf8+ Kh5 28. Qxf7 Qxf7 29. Bxf7 Bf5 30. Bb3 Re2 31. Kg3 Rxb2 32. Rg7 Bc2 33.
f4 Kh6 34. Rb7 Bxb3 35. axb3 Rc2 36. c4 a5 37. Kh3 a4 38. bxa4 Rxc4 39. g3 Rxa4 40. Rc7 Rc4 41. Kg4 c5 42. Kh3 Rc1 43. Kh4 Rh1+ 44. Kg4 Rc1 45. Kf3 Rf1+ 46. Kg2 Rc1 47.
g4 g5 48. f5 Rc3 49. Kf2 c4 50. Kg2 Rc2+ 51. Kf3 Rc3+ 52. Ke4 Rg3 53. Ke5 Rxg4 54. f6 Rf4 55. Ke6 Kg6 56. Rg7+ Kh6 57. Rg8 c3 58. f7 c2 59. Rc8 Kg7 60. Rg8+ Kh6 61. Rc8 Kg7 62.
Rg8+ Kh6 1/2-1/2

[Event "Late-Titled-Tuesday-Blitz-April-16-2024"]
[Site "Chess.com"]
[Date "2024.04.16"]
[Round "3"]
[White "Viktoker"]
[Black "kingofthenil"]
[Result "0-1"]
[WhiteElo "2490"]
[BlackElo "2801"]
[TimeControl "180+1"]
[EndTime "14:29:08 PDT"]
[Termination "kingofthenil won by checkmate"]

1. d4 d6 2. Nf3 Nd7 3. e4 e5 4. c4 g6 5. Nc3 Bh6 6. Be2 Bxc1 7. Rxc1 Ngf6 8. h3 O-O 9. dxe5 dxe5 10. Qc2 c6 11. O-O Qe7 12. Rfd1 Re8 13. Ne1 Nc5 14. b4 Ne6 15. c5 Nd4 16. Qb2 a5 17. a3 axb4 18.
axb4 Be6 19. Ra1 Nd7 20. Bf1 Qg5 21. Kh1 Nf6 22. Ne2 Rxa1 23. Rxa1 Nb3 24. Ra3 Nxe4 25. Rxb3 Bxb3 26. Qxb3 Nxf2+ 27. Kg1 Ne4 28. Nf3 Qf5 29. Qd3 Nf6 30. Qd6 Nd5 31. b5 Qf6 32. Qd7 Re7 33. Qc8+ Kg7 34. bxc6 bxc6 35. Qg4 h5 36. Qe4 Nc7 37.
Ng3 Nd5 38. Bc4 Nf4 39. Qe3 e4 40. Nxe4 Qa1+ 41. Bf1 Nd5 42. Qd3 Nb4 43. Qe2 Nd5 44.
Nfg5 Nc3 45. Qd3 Nxe4 46. Nxe4 Qe5 47. Nf2 Qxc5 48. Qf3 Re3 49. Qf4 Re5 50. Kh2 Rf5 51. Nd3 Rxf4 52. Nxf4 Qd6 53. g3 Qd2+ 54. Bg2 c5 55. h4 c4 56. Nh3 c3 57. Ng5 c2 58.
Kh3 c1=Q 59. Bf3 Qf1+ 60. Bg2 Qfxg2# 0-1

[Event "Late-Titled-Tuesday-Blitz-April-16-2024"]
[Site "Chess.com"]
[Date "2024.04.16"]
[Round "3"]
[White "english_player_89"]
[Black "GM_dmitrij"]
[Result "0-1"]
[WhiteElo "2519"]
[BlackElo "2988"]
[TimeControl "180+1"]
[EndTime "14:29:09 PDT"]
[Termination "GM_dmitrij won on time"]

1. e4 e5 2. Nf3 Nc6 3. Bc4 Nf6 4. d3 Be7 5. c3 O-O 6. O-O d5 7. exd5 Nxd5 8. h3 Kh8 9. Re1 f6 10. d4 Nb6 11. Bb3 exd4 12. Nxd4 Nxd4 13. Qxd4 Qxd4 14. cxd4 Bd6 15. Nc3 Bd7 16. Ne4 Rfe8 17. Bd2 Bf8 18.
Nc5 Bc6 19. Bf4 Bd6 20. Bxd6 cxd6 21. Ne6 Re7 22. Nf4 Rae8 23. Rxe7 Rxe7 24. f3 g6 25. Kf2 Kg7 26. Re1 Rxe1 27. Kxe1 Bd7 28. Kd2 g5 29. Nd5 Nc8 30. Ke3 Bc6 31. Nc3 Ne7 32. Ne4 Nf5+ 33.
Kd3 Bb5+ 34. Kc3 Bf1 35. g4 Nh4 36. Nxd6 Nxf3 37. Bd5 Nh2 38. Ne8+ Kg6 39. Be4+ Kf7 40. Nd6+ Ke7 41. Nxb7 Bxh3 42. Bxh7 Nxg4 43. Na5 Bg2 44. Kd3 Bd5 45. b3 Nf2+ 46. Ke3 Ng4+ 47. Kd3 Nh2 48. Be4 Ke6 49. Nc4 Bxe4+ 50. Kxe4 f5+ 51. Ke3 Ng4+ 52.
Kf3 Nf6 53. Ne5 g4+ 54. Kf4 Nd5+ 55. Kg3 Nc3 56. a4 Ne2+ 57. Kf2 Nxd4 58. Ng6 Nxb3 59. Ke3 Kf6 60. Nf8 a5 61. Kf4 Nc5 62. Nh7+ Kg7 63.
Ng5 Kg6 0-1

[Event "Late-Titled-Tuesday-Blitz-April-16-2024"]
[Site "Chess.com"]
[Date "2024.04.16"]
[Round "3"]
[White "SaqoChess_Twitch"]
[Black "Kopytkin"]
[Result "1-0"]
[WhiteElo "2676"]
[BlackElo "2462"]
[TimeControl "180+1"]
[EndTime "14:29:10 PDT"]
[Termination "SaqoChess_Twitch won on time"]

1. d4 g6 2. c4 Bg7 3. Nc3 Nf6 4.
Nf3 d6 5. h3 O-O 6. Bf4 c5 7.
e3 cxd4 8. exd4 d5 9. c5 Nc6 10. Be2 Ne4 11. O-O Nxc3 12. bxc3 Bf5 13. Qd2 b6 14. Bb5 Na5 15. c6 a6 16. c7 Qc8 17.
Bd3 Nc4 18. Bxc4 dxc4 19. Rfe1 Re8 20. d5 b5 21. Nd4 Bd7 22. Nc6 Bxc6 23. dxc6 e5 24. Qd7 exf4 25. Rxe8+ Qxe8 26. Rd1 Bf6 27. Rd6 Kg7 28. Kh2 f3 29. g3 Rc8 30. Rd2 Qxd7 31.
cxd7 Rxc7 32. d8=Q Bxd8 33. Rxd8 Rc6 34. g4 h5 35. Kg3 hxg4 36. hxg4 Rf6 37. Rd5 Re6 38. Kxf3 Kf6 39. Rc5 Kg7 40. a4 bxa4 41. Rxc4 Rb6 42. Rxa4 Rc6 43. Ra3 Kf6 44. Kf4 Ke6 45. Ke4 f6 46. f4 Rc4+ 47. Ke3 Rc6 48. Kd4 Kd6 49.
c4 Ke6 50. Ra5 Kf7 51. f5 gxf5 52. gxf5 Ke7 53. c5 Kd7 54. Kd5 Kc7 55. Ra1 Kd7 56. Ra2 Kc7 57. Rh2 Kb7 58. Rh6 a5 59. Rh7+ Rc7 60.
Rh1 Ka6 61. c6 a4 62. Kd6 Rc8 63. Kd7 Rg8 64. c7 Kb5 65. c8=Q Rxc8 66. Kxc8 Kb4 67. Kd7 1-0

[Event "Late-Titled-Tuesday-Blitz-April-16-2024"]
[Site "Chess.com"]
[Date "2024.04.16"]
[Round "3"]
[White "ferdipy"]
[Black "WindWhistler11"]
[Result "1/2-1/2"]
[WhiteElo "2309"]
[BlackElo "2497"]
[TimeControl "180+1"]
[EndTime "14:29:11 PDT"]
[Termination "Game drawn - insufficient material"]

1. e4 e6 2. d4 d5 3. e5 c5 4. c3 Nc6 5. Nf3 Bd7 6. a3 Nge7 7.
b4 cxd4 8. cxd4 Nf5 9. Be3 Nxe3 10. fxe3 f5 11. exf6 Qxf6 12. Bd3 Qh6 13. Qe2 Bd6 14. Nc3 O-O 15. b5 Ne7 16. O-O Rac8 17. Rac1 Bxa3 18. Rc2 Bb4 19. Nd1 Rxc2 20. Qxc2 Bd6 21. g3 Be8 22.
Ne1 Rxf1+ 23. Bxf1 Bh5 24. Be2 Bg6 25. Nd3 Qg5 26. Qa2 Be4 27. N3f2 Nf5 28. Nxe4 dxe4 29. Qxe6+ Kf8 30. Qxe4 h5 31. Qxb7 Bxg3 32. hxg3 Nxg3 33. Qf3+ Kg8 34. Kf2 h4 35. Qg4 Qf6+ 36. Kg2 Qe7 37. Bf3 Qc7 38. Bd5+ Kf8 39. Qf4+ Qxf4 40. exf4 Ne2 41.
Kf3 Nxd4+ 42. Kg4 Nxb5 43. Kxh4 Nc7 44. Bb3 a5 45. Kg5 Na6 46. Nc3 Nc5 47. Bc2 Ne6+ 48. Kf5 Nd4+ 49. Ke4 Nxc2 50. Kd3 Nb4+ 51. Kc4 Kf7 52.
Kb5 Nd3 53. Ne2 Nxf4 54. Nxf4 g5 55. Ng2 Kf6 56. Kxa5 Kf5 57. Kb4 Ke4 58. Kc3 Kf3 59.
Ne1+ Ke2 60. Nd3 g4 61. Kd4 g3 62. Ke4 Kf1 63. Nf4 Kf2 64. Kf5 Kf3 65. Kg5 Kf2 66. Kg4 g2 67. Nxg2 1/2-1/2

[Event "Late-Titled-Tuesday-Blitz-April-16-2024"]
[Site "Chess.com"]
[Date "2024.04.16"]
[Round "3"]
[White "GianmarcoVaR"]
[Black "Firouzja2003"]
[Result "1/2-1/2"]
[WhiteElo "2747"]
[BlackElo "3031"]
[TimeControl "180+1"]
[EndTime "14:29:14 PDT"]
[Termination "Game drawn by repetition"]

1. Nf3 Nf6 2. g3 g6 3. Bg2 Bg7 4. O-O O-O 5. c4 d6 6. d4 Ne4 7. Nbd2 Nxd2 8. Bxd2 e5 9. dxe5 dxe5 10. Bb4 Qxd1 11. Rfxd1 Re8 12. Ng5 Nc6 13. Bxc6 bxc6 14. Ne4 Bf5 15. Nc5 e4 16. Bc3 Bxc3 17. bxc3 Re5 18.
Nb3 Be6 19. Rd4 c5 20. Rd2 Bxc4 21. Na5 Be6 22. Nc6 e3 23. Rb2 exf2+ 24. Kxf2 Re4 25. Rd1 Ra4 26. Rdd2 a5 27. Rb5 Bxa2 28. Rxc5 Be6 29.
Nd4 Bh3 30. Rxc7 Ra1 31. Nf3 a4 32. Ng5 Rf1+ 33. Ke3 a3 34. Nxh3 Re8+ 35. Kd3 Rd8+ 36. Ke3 Rxd2 37. Kxd2 a2 38. Ra7 a1=Q 39. Rxa1 Rxa1 40.
Nf2 f5 41. Ke3 Kf7 42. g4 fxg4 43. Nxg4 Ke6 44. Nf2 Kd5 45. Kd3 Rg1 46. Nh3 Rh1 47. c4+ Kc5 48. Ng5 Rxh2 49. Ne4+ Kc6 50. e3 h5 51. Ng5 h4 52. Nf3 Rh1 53. Ne5+ Kc5 54.
Ke2 g5 55. Kf2 Rh2+ 56. Kg1 Rh3 57. Kf2 Rg3 58. Nf3 Kxc4 59. Nd2+ Kd3 60. Nf3 Rxf3+ 61. Kxf3 h3 62. e4 h2 63. Kg2 Kxe4 64. Kxh2 Kf3 65. Kh3 g4+ 66. Kh2 g3+ 67. Kh1 Kg4 68. Kg2 Kh4 69.
Kg1 Kg5 70. Kg2 Kf4 71. Kg1 Kg4 72. Kg2 Kh4 73. Kg1 Kh3 74. Kh1 Kg4 75. Kg2 1/2-1/2

[Event "Late-Titled-Tuesday-Blitz-April-16-2024"]
[Site "Chess.com"]
[Date "2024.04.16"]
[Round "3"]
[White "Lupul_Cenusiu"]
[Black "VinzentSpitzl"]
[Result "1-0"]
[WhiteElo "2722"]
[BlackElo "2480"]
[TimeControl "180+1"]
[EndTime "14:29:14 PDT"]
[Termination "Lupul_Cenusiu won on time"]

1. d4 Nf6 2. Bf4 d5 3. e3 c5 4. Nd2 Nc6 5. Ngf3 Bf5 6. dxc5 e6 7. Bb5 Bxc5 8. Nd4 Qb6 9. N2b3 Bg6 10. Bxc6+ bxc6 11. O-O Be7 12. Nf3 Nd7 13. a4 O-O 14. a5 Qa6 15. Ne5 Nxe5 16. Bxe5 c5 17. Nd2 Rfd8 18. b3 f6 19. Bb2 d4 20. e4 e5 21. h4 Bf7 22. g3 Be6 23. Kg2 Bd6 24. Rh1 Rac8 25. Qf3 c4 26. bxc4 Bxc4 27. Nxc4 Qxc4 28. Rac1 Qb4 29. Qb3+ Kf8 30. a6 Qxb3 31.
cxb3 Bb4 32. Kf3 Ke7 33. Rc4 Rxc4 34. bxc4 Rc8 35. Rc1 Rc6 36. Ke2 Rxa6 37. c5 Rc6 38. Kd3 Rxc5 39. Ra1 a5 40. h5 h6 41. f4 exf4 42.
Bxd4 Rxh5 43. gxf4 Kd6 44. Kc4 Rh2 45. Rd1 Kc6 46. e5 fxe5 47. Bxe5 g5 48. fxg5 Rh4+ 49. Kb3 hxg5 50. Rg1 Be7 51. Bc3 Kb5 52. Re1 Bd6 53. Ra1 Bb4 54. Bf6 Rh3+ 55. Kc2 g4 56. Rf1 Rh2+ 57. Kd3 g3 58. Rf5+ Ka4 59. Rg5 Rg2 60. Be5 Be1 61. Bc7 Kb4 62. Bxa5+ Kb3 63. Bxe1 Rg1 64.
Bc3 1-0

[Event "Late-Titled-Tuesday-Blitz-April-16-2024"]
[Site "Chess.com"]
[Date "2024.04.16"]
[Round "3"]
[White "subham777"]
[Black "AdrianaPalao"]
[Result "1-0"]
[WhiteElo "2537"]
[BlackElo "2001"]
[TimeControl "180+1"]
[EndTime "14:29:14 PDT"]
[Termination "subham777 won on time"]

1. e4 c5 2. Nf3 e6 3. g3 Qc7 4.
Bg2 Nc6 5. O-O Nf6 6. Re1 Be7 7. c3 O-O 8. d4 cxd4 9. Nxd4 d5 10. exd5 Nxd5 11.
Nxc6 bxc6 12. Nd2 Rd8 13. Qe2 Bb7 14. Nb3 c5 15. c4 Nb4 16. Bf4 Qb6 17. Bxb7 Qxb7 18.
Be5 Nd3 19. Red1 Nxe5 20. Qxe5 Bf6 21. Qxc5 Bxb2 22. Rab1 Bf6 23. Qe3 Qa6 24. c5 Qxa2 25.
c6 Rdc8 26. Qf3 Rab8 27. Rdc1 Bg5 28. c7 Rb6 29. Rd1 Qc2 30. h4 Bf6 31. Rdc1 Qa2 32.
Nc5 Rxb1 33. Rxb1 Qxb1+ 34. Kg2 h6 35. Qc6 Qb4 36. Qd7 Qb5 37. Qxb5 Rxc7 38. Qb8+ Kh7 39. Qxc7 Be7 40. Qxe7 a5 41. Qd7 a4 42. Nb7 a3 43.
Qxf7 a2 44. Qxe6 a1=Q 45. Nd6 Qa8+ 46. Qe4+ Qxe4+ 47. Nxe4 Kg6 48. f4 Kf5 49. Kf3 g6 50. g4+ Ke6 51. Nc5+ Kf6 52. Ke4 g5 53. hxg5+ hxg5 54. f5 Ke7 55. Ke5 Kf7 56. Ne4 Ke7 57. Nxg5 Kf8 58. Kf6 Kg8 59. Kg6 Kf8 60. f6 Kg8 61.
f7+ Kf8 62. Nh7+ Ke7 63. f8=Q+ 1-0

[Event "Late-Titled-Tuesday-Blitz-April-16-2024"]
[Site "Chess.com"]
[Date "2024.04.16"]
[Round "3"]
[White "MrTattaglia"]
[Black "GaiozNigalidze"]
[Result "1-0"]
[WhiteElo "2958"]
[BlackElo "2709"]
[TimeControl "180+1"]
[EndTime "14:29:19 PDT"]
[Termination "MrTattaglia won on time"]

1. e4 c5 2. h3 g6 3. Nf3 Bg7 4. Nc3 Nc6 5. Bb5 d6 6. Bxc6+ bxc6 7. e5 Nh6 8. exd6 exd6 9. Qe2+ Qe7 10. Qxe7+ Kxe7 11.
d3 Rb8 12. O-O Nf5 13. Re1+ Be6 14. a3 h6 15. Nd1 Kd7 16. c3 Bb3 17. Ne3 Nxe3 18.
fxe3 c4 19. d4 Bc2 20. e4 Rhe8 21. e5 dxe5 22. dxe5 c5 23. Re2 Bd3 24. Rf2 Kc6 25.
Bf4 g5 26. Bg3 Rb7 27. Rd1 Re6 28. b4 cxb3 29. Rxd3 b2 30. Nd2 b1=Q+ 31. Nxb1 Rxb1+ 32. Kh2 Rb7 33. Rf5 Rbe7 34. Rd6+ Rxd6 35. exd6 Rd7 36. c4 Bf8 37. Rf6 a5 38. a4 Bg7 39. Rf5 Bf8 40. Kg1 Bxd6 41. Rf6 h5 42. Bf2 h4 43. Kf1 Re7 44.
Bg1 Re4 45. Bh2 Re6 46. Rxe6 fxe6 47. Bg1 Be5 48. Ke2 Bd4 49. Bh2 Kd7 50. Kf3 Kc6 51.
Ke4 Bc3 52. g4 Bd4 53. Be5 Kb6 54. Bxd4 cxd4 55. Kxd4 Kc6 56. c5 e5+ 57. Kxe5 Kxc5 58. Kf5 Kb4 59. Kxg5 Kxa4 60. Kxh4 Kb5 61. g5 a4 62. g6 a3 63. g7 a2 64. g8=Q a1=Q 65. Kh5 Kb4 66. Qg4+ Kb3 67. Qe6+ Kc2 68. h4 Qh8+ 69.
Kg4 Qd4+ 70. Kg3 Qg1+ 71. Kf4 Qh2+ 72. Kg5 Qg3+ 73. Kh5 1-0

[Event "Late-Titled-Tuesday-Blitz-April-16-2024"]
[Site "Chess.com"]
[Date "2024.04.16"]
[Round "3"]
[White "Attacker_2006"]
[Black "Ramil_Faizrakhmanov"]
[Result "0-1"]
[WhiteElo "2504"]
[BlackElo "2899"]
[TimeControl "180+1"]
[EndTime "14:29:22 PDT"]
[Termination "Ramil_Faizrakhmanov won by resignation"]

1. e4 c6 2. d4 d5 3. Nc3 dxe4 4. Nxe4 Bf5 5. Ng3 Bg6 6. Nf3 Nd7 7. Bd3 Ngf6 8. c3 e6 9. O-O Be7 10. Re1 O-O 11. Bxg6 hxg6 12. Ne4 c5 13. Nxf6+ Nxf6 14. dxc5 Bxc5 15. Be3 Bxe3 16. Rxe3 Qb6 17. Qb3 Qc7 18. Rd1 Rfd8 19. Red3 Rxd3 20. Rxd3 b5 21. Qxb5 Rb8 22. Qe5 Rxb2 23. h3 Qb6 24. Qd4 Kf8 25. Qxb6 axb6 26. Ne5 Ke8 27. Nc4 Rxa2 28. Nxb6 Ne4 29. f3 Ng3 30. c4 Ne2+ 31. Kh1 Nf4 32. Rc3 Kd8 33.
c5 Kc7 34. g3 Ne2 35. Rd3 Nxg3+ 36. Kg1 Kc6 37. Nc4 f6 38. Nd2 Kxc5 39. Rd7 Kc6 40. Rd8 e5 41. Nc4 Ne2+ 42. Kf2 Nd4+ 43. Ke3 Rh2 44. Rc8+ Kd7 45. Nb6+ Ke6 46. Rc7 Rxh3 47. Rxg7 Rxf3+ 48. Kd2 Rg3 49. Nc8 g5 50. Re7+ Kf5 51. Nd6+ Kg6 52. Re8 Ra3 53. Rg8+ Kh5 54. Rf8 f5 55.
Nf7 e4 56. Rh8+ Kg6 57. Rg8+ Kxf7 58. Rxg5 Nf3+ 0-1

[Event "Late-Titled-Tuesday-Blitz-April-16-2024"]
[Site "Chess.com"]
[Date "2024.04.16"]
[Round "3"]
[White "carlsenCamacho"]
[Black "PotapovaM"]
[Result "1/2-1/2"]
[WhiteElo "2299"]
[BlackElo "2539"]
[TimeControl "180+1"]
[EndTime "14:29:22 PDT"]
[Termination "Game drawn by repetition"]

1. e4 e6 2. d4 d5 3. Bd3 dxe4 4.
Bxe4 Nf6 5. Bg5 Be7 6. Bxf6 Bxf6 7. Nf3 c5 8. c3 cxd4 9. cxd4 Nc6 10. Bxc6+ bxc6 11. O-O O-O 12. Nc3 Rb8 13. Na4 Qd5 14. b3 Rd8 15. Qc2 Bxd4 16. Nxd4 Qxd4 17. Rad1 Qf6 18. Qxc6 Bb7 19. Qc7 Rdc8 20. Qg3 Bd5 21. Rc1 h5 22.
Nc5 Qb2 23. Nd7 Qxc1 24. Nxb8 Qc7 25. Qxc7 Rxc7 26. Na6 Rc3 27. f3 h4 28. Rf2 Rc1+ 29.
Rf1 Rc2 30. Rf2 Rc8 31. Nb4 a5 32. Nxd5 exd5 33. Rd2 Kf8 34. Kf2 Ke7 35. Ke3 Ke6 36. Kd4 Rc1 37. g3 h3 38. Ke3 Rg1 39. f4 Kd6 40. Kf3 f5 41. Re2 d4 42. Re5 g6 43.
Rxa5 d3 44. Ke3 Rxg3+ 45. Kd2 Rg2+ 46. Kxd3 Rxh2 47. Ra6+ Kd5 48. Rxg6 Rg2 49. Rh6 h2 50. Kc3 Rxa2 51. b4 Ke4 52. b5 Kxf4 53. b6 Ra3+ 54. Kb2 Ra6 55. b7 Rxh6 56. b8=Q+ Kg5 57. Qg3+ Kf6 58.
Qd6+ Kg5 59. Qd2+ Kg6 60. Qd6+ Kg5 61. Qg3+ Kf6 62. Qd6+ Kg7 63. Qg3+ Kh7 64. Qc7+ Kg6 65.
Qg3+ Kf7 66. Qc7+ Kf6 67. Qd6+ 1/2-1/2